 Dungeon Crawl Stone Soup version 0.27-a0-1154-gfdeffcb720 (webtiles) character file.

Game seed: 4644808211401857174

6 voltaire321 the Ducker (level 1, 0/17 HPs)
             Began as a Merfolk Gladiator on May 14, 2021.
             Slain by a hobgoblin (4 damage)
             ... on level 1 of the Dungeon.
             The game lasted 00:01:06 (507 turns).

voltaire321 the Ducker (Merfolk Gladiator)           Turns: 507, Time: 00:01:07

Health: 0/17       AC:  4    Str: 14    XL:     1   Next: 90%
Magic:  1/1        EV: 13    Int:  7    God:
Gold:   62         SH:  0    Dex: 15    Spells: 0/0 levels left

rFire    . . .     SeeInvis .   a - +0 long sword
rCold    . . .     Faith    .   (no shield)
rNeg     . . .     Spirit   .   b - +0 leather armour
rPois    .         Reflect  .   c - +0 helmet
rElec    .         Harm     .   (no cloak)
rCorr    .         Rampage  .   (no gloves)
Will     .....                  (no boots)
Stlth    +.........             (no amulet)
HPRegen  0.05/turn              (no ring)
MPRegen  0.07/turn              (no ring)

@: no status effects
A: (nimble swimmer 2), mertail
a: no special abilities


You were on level 1 of the Dungeon.
You visited 1 branch of the dungeon, and saw 1 of its levels.

You collected 62 gold pieces.

Inventory:

Hand Weapons
 a - a +0 long sword (weapon)
Missiles
 d - 3 throwing nets (quivered)
Armour
 b - a +0 leather armour (worn)
 c - a +0 helmet (worn)
Scrolls
 e - 2 scrolls of identify {unknown}


   Skills:
 + Level 2.3 Fighting
 + Level 3.3 Long Blades
 + Level 2.1 Throwing
 + Level 0.2 Armour
 + Level 4.1 Dodging


You couldn't memorise any spells.
You didn't know any spells.
Your spell library was empty.

Dungeon Overview and Level Annotations

Branches:
Dungeon (1/15)

Altars:


Innate Abilities, Weirdness & Mutations

((You are quick and stealthy near water. (Stealth+, EV+, Speed+++)))
Your lower body shifts to a powerful aquatic tail in water.


Message History

You kill the bat!
You start resting.
HP restored.
You now have 62 gold pieces (gained 8).
Found 13 poisoned darts.
Found a whip.
You see here a +0 whip.
A hobgoblin comes into view.
The hobgoblin shouts!
A ball python comes into view.
The ball python hisses angrily.
The hobgoblin closely misses you.
You hit the hobgoblin.
The hobgoblin is severely wounded.
The ball python closely misses you. The ball python grabs you.
The ball python constricts you. The hobgoblin hits you.
The ball python bites you. The ball python constricts you.
You closely miss the ball python. The hobgoblin closely misses you.
The ball python barely misses you. The ball python constricts you.
You barely miss the ball python. The ball python bites you.
The ball python constricts you. The hobgoblin barely misses you.
The ball python barely misses you. The ball python constricts you.
You barely miss the ball python. The hobgoblin closely misses you.
The ball python misses you. The ball python constricts you.
The hobgoblin hits you but does no damage.
You barely miss the ball python. The ball python barely misses you.
You riposte.
You hit the ball python.
The ball python is severely wounded.
The ball python constricts you. The hobgoblin hits you.
* * * LOW HITPOINT WARNING * * *
The ball python closely misses you. The ball python constricts you.
You closely miss the ball python.
The ball python is severely wounded.
The hobgoblin misses you.
You riposte.
You barely miss the hobgoblin.
The hobgoblin is moderately wounded.
The ball python closely misses you. The ball python constricts you.
You slash the ball python!
You kill the ball python!
The hobgoblin hits you.
You die...

#.#..#.# #.###
#.#.#..# #.###
#.#...## ##.#..
####...######....#
#........##....###
###...........##.###
###..........#...)....
#........#####........
#....@..## #........
#...g†.## #(.......
#...(..# #........
#.$....# #........
#......# #########
#......# #......#
#......#


You could see a hobgoblin.

Vanquished Creatures
  A ball python (D:1)
  2 bats (D:1)
  A hobgoblin (D:1)
  2 kobolds (D:1)
6 creatures vanquished.

Notes
Turn   | Place    | Note
-------+----------+-------------------------------------------
     0 | D:1      | voltaire321 the Merfolk Gladiator began the quest for the
                  | Orb.
     0 | D:1      | Reached XP level 1. HP: 16/16 MP: 1/1
   507 | D:1      | Slain by a hobgoblin

Illustrated notes

Levels and vault maps discovered:
D:1:      wander_arrival_fairy_ring, layout_rooms,
          chequers_ecumenical_altar_lobes

Action                   || total
-------------------------++-------
Melee: Long sword        ||    25
Armor: Leather armour    ||    16
Dodge: Dodged            ||    42
       Rpst.: Long sword ||    13

Table legend: (Time is in decaauts)
 A = Elapsed time spent in this place.
 B = Non-inter-level travel time spent in this place.
 C = Inter-level travel time spent in this place.
 D = Time resting spent in this place.
 E = Time spent auto-exploring this place.
 F = Levels seen in this place.
 G = Mean time per level.
                   A        B        C        D        E       F      G
               +--------+--------+--------+--------+--------+-----+--------+
         Total |    512 |    512 |      0 |    240 |    213 |   1 |  512.0 |
       Dungeon |    512 |    512 |      0 |    240 |    213 |   1 |  512.0 |
               +--------+--------+--------+--------+--------+-----+--------+

Top non-repeatable levels by time:
     D:1: 512 daAuts
